 Dungeon Crawl Stone Soup version 0.29.1-15-g9cfb28693d (webtiles) character file.

Game seed: 5666659293182013943

62 wingedge the Digger (level 4, -2/26 HPs)
             Began as a Gargoyle Earth Elementalist on Mar 23, 2023.
             Slain by a goblin
             ... wielding a +0 club
             ... led by Robin
              (6 damage)
             ... on level 2 of the Dungeon.
             The game lasted 00:04:31 (1361 turns).

wingedge the Digger (Gargoyle Earth Elementalist)   Turns: 1361, Time: 00:04:31

Health: -2/26      AC:  6    Str: 12    XL:     4   Next: 8%
Magic:  7/7        EV: 11    Int: 23    God:
Gold:   61         SH:  0    Dex: 10    Spells: 3/7 levels left

rFire   . . .      SeeInvis .   k - +0 mace
rCold   . . .      Faith    .   (no shield)
rNeg    + . .      Spirit   .   a - +0 robe
rPois   ∞          Reflect  .   o - +0 helmet
rElec   +          Harm     .   (no cloak)
rCorr   .          Rampage  .   (no gloves)
Will    .....                   (no boots)
Stlth   ++........              (no amulet)
HPRegen 0.08/turn               r - +6 ring of intelligence
MPRegen 0.10/turn               (no ring)

@: no status effects
A: sickness immunity, AC +3, negative energy resistance 1, electricity
resistance, torment resistance 1, petrification resistance
a: no special abilities


You were on level 2 of the Dungeon.
You visited 1 branch of the dungeon, and saw 2 of its levels.

You collected 61 gold pieces.

Inventory:

Hand Weapons
 d - a +0 dagger
 e - a +0 short sword
 g - a +0 great mace
 i - a +0 spear
 k - a +0 mace (weapon)
 m - a +0 hand axe
Armour
 a - a +0 robe (worn)
 h - a +0 leather armour
 j - a +0 ring mail
 o - a +0 helmet (worn)
Jewellery
 r - a +6 ring of intelligence (left hand)
Scrolls
 c - 2 scrolls of enchant weapon {unknown}
 f - a scroll of magic mapping {unknown}
 l - a scroll of teleportation {unknown}
 p - 2 scrolls of identify {unknown}
Potions
 n - a potion of curing {unknown}
 q - 2 potions of resistance {unknown}


   Skills:
 - Level 2.0 Fighting
 - Level 1.5 Dodging
 - Level 2.1 Stealth
 - Level 2.0 Spellcasting
 + Level 2.9 Conjurations
 - Level 0.7 Transmutations
 - Level 4.0 Earth Magic


You had 3 spell levels left.
You knew the following spells:

 Your Spells              Type           Power      Damage    Failure   Level
a - Sandblast             Erth           40%        2d10      2%          1
b - Stone Arrow           Conj/Erth      36%        3d9       10%         3

Your spell library contained the following spells:

 Spells                   Type           Power      Damage    Failure   Level
 Passwall                 Tmut/Erth      10%        N/A       8%          2
 Petrify                  Tmut/Erth      13%        N/A       43%         4


Dungeon Overview and Level Annotations

Branches:
Dungeon (2/15)

Altars:


Innate Abilities, Weirdness & Mutations

You are immune to sickness and miasma.
Your stone body is resilient. (AC +3)
You are immune to poison.
You resist negative energy. (rN+)
You are resistant to electric shocks. (rElec)
You are resistant to unholy torment.
You are immune to petrification.


Message History

Aim: Robin, wielding a +0 spear, wearing a +2 animal skin and wearing a +0 helmet (heavily wounded, 77% to hit)
The stone arrow hits Robin!
Robin is almost dead.
Robin hits you with a +0 spear.
You hit Robin but do no damage.
Robin is almost dead.
Robin throws the goblin at you!
You closely miss Robin.
Robin is almost dead.
The goblin hits you but does no damage. The goblin closely misses you.
The goblin hits you with a +0 club. The goblin closely misses you.
You hit Robin.
Robin is almost dead.
The goblin hits you but does no damage. Robin hits you but does no damage.
The goblin misses you.
The goblin hits you with a +0 dagger of speed.
You hit Robin.
You kill Robin!
The goblin misses you.
A goblin comes into view. It is wielding a +0 club.
The goblin hits you with a +0 dagger of speed.
The goblin hits you but does no damage.
A goblin comes into view. It is wielding a +0 club.
You have reached level 4!
You feel stronger. Magic courses through your body.
The goblin hits you but does no damage. x2
The goblin completely misses you.
Casting: Stone Arrow (quite dangerous; 10% risk of failure)
Confirm with . or Enter, or press ? or * to list all spells.
Aiming: Sandblast (safe; 2% risk of failure)
Press: ? - help, Shift-Dir - straight line, f - goblin
Aim: a goblin, wielding a +0 dagger of speed (strong, 79% to hit)
The blast of sand hits the goblin!
You kill the goblin!
The goblin hits you but does no damage. The goblin hits you with a +0 club.
* * * LOW HITPOINT WARNING * * *
The goblin attacks as you move away! The goblin hits you with a +0 club.
* * * LOW HITPOINT WARNING * * *
The goblin hits you with a +0 club.
You die...

...g. ##.#####... .....
.........## #..gg.
#..##.##.#. #>#g..
#..##...... #.##.#
#..#####.#. #.##.#
##..#....... # #.##.#
##...#.###... #
#.##)#######......# #..#
##########.#ggg.@..........#
#.#.
..............#g###........#
#.## .#########....#.#
#........###.# .# #....#.#
#.............# .#
#......###......#.##.##. .#
##...#.........##.##.# #
.######
#.......#.....##.##.###
......#
#.......#.....##.......
.####.#
#.............#####.###


You could see 4 goblins.

Vanquished Creatures
  Robin (D:2)
  An adder (D:2)
  A ball python (D:1)
  4 bats
  4 endoplasms
  2 giant cockroaches (D:1)
  5 goblins
  8 hobgoblins
  2 jackals (D:1)
  A quokka (D:1)
  A frilled lizard (D:1)
  A kobold (D:1)
  5 rats
36 creatures vanquished.

Notes
Turn   | Place    | Note
-------+----------+-------------------------------------------
     0 | D:1      | wingedge the Gargoyle Earth Elementalist began the quest
                  | for the Orb.
     0 | D:1      | Reached XP level 1. HP: 10/10 MP: 3/3
   115 | D:1      | Reached XP level 2. HP: 16/16 MP: 1/5
   167 | D:1      | Reached skill level 1 in Conjurations
   170 | D:1      | Reached skill level 1 in Fighting
   278 | D:1      | Reached skill level 4 in Earth Magic
   635 | D:1      | Reached XP level 3. HP: 20/20 MP: 4/6
   922 | D:1      | Learned a level 3 spell: Stone Arrow
  1347 | D:2      | Noticed Robin
  1358 | D:2      | Killed Robin
  1359 | D:2      | Reached XP level 4. HP: 9/26 MP: 0/7
  1361 | D:2      | Slain by a goblin

Illustrated notes

Levels and vault maps discovered:
D:1:      dpeg_arrival_pits, layout_rooms, roderic_lattice_a
D:2:      layout_loops_ring, serial_bayou_pond_e, uniq_robin

Skill      XL: |  1  2  3 |
---------------+----------+-----
Conjurations   | 1 2 |  2.9
Fighting       | 1 2 |  2.0
Earth Magic    | 4 |  4.0
Dodging        | |  1.5
Stealth        | |  2.1
Spellcasting   | |  2.0
Transmutations | |  0.7

Action                   |  1- 3 |  4- 6 || total
-------------------------+-------+-------++-------
Melee: Dagger            |    13 |       ||    13
       Great mace        |    11 |       ||    11
       Mace              |     4 |       ||     4
 Cast: Sandblast         |    44 |     1 ||    45
       Stone Arrow       |     2 |       ||     2
  Use: Potion            |       |     1 ||     1
Armor: Robe              |    27 |     3 ||    30
Dodge: Dodged            |    28 |     1 ||    29
